 Dungeon Crawl Stone Soup version 0.22-a0-414-gacd343e (webtiles) character file.

5129 w00t the Prestidigitator (level 10, -2/68 HPs)
             Began as a Gnoll Artificer on May 13, 2018.
             Was a Believer of Cheibriados.
             Killed from afar by Erica (35 damage)
             ... with an orb of energy
             ... on level 9 of the Dungeon.
             The game lasted 00:21:10 (10842 turns).

w00t the Prestidigitator (Gnoll Artificer)         Turns: 10842, Time: 00:21:10

Health: -2/68      AC: 14    Str: 19 (22) XL:     10   Next: 58%
Magic:  26/26      EV: 14    Int: 19 (20) God:    Cheibriados [**....]
Gold:   638        SH:  6    Dex: 20      Spells: 19/19 levels left

rFire    . . .     SeeInvis .   a - +5 hand axe "Tekhly" {drain, rPois MP+9}
rCold    . . .     Gourm    .   w - +0 buckler
rNeg     . . .     Faith    .   k - +0 plate armour
rPois    +         Spirit   .   (no helmet)
rElec    .         Reflect  .   s - +0 cloak
rCorr    .         Harm     .   v - +0 pair of gloves
MR       .....                  (no boots)
Stlth    ..........             (no amulet)
HPRegen  0.21/turn              o - +4 ring of evasion
MPRegen  0.20/turn              p - ring of stealth {Stlth+}

@: very slow
A: distributed training, fangs 1, frail 1, wild magic 1, strong nose
a: Bend Time, Renounce Religion


You were on level 9 of the Dungeon.
You worshipped Cheibriados.
Cheibriados was pleased with you.
You were very hungry.

You visited 2 branches of the dungeon, and saw 10 of its levels.

You collected 638 gold pieces.

Inventory:

Hand Weapons
 a - the +5 hand axe "Tekhly" (weapon) {drain, rPois MP+9}
   (You found it on level 4 of the Dungeon)

   A truly terrible weapon, it drains the life of those it strikes.
   It protects you from poison.
   It affects your magic capacity (+9).
 c - a +0 mace
Missiles
 g - 3 tomahawks of returning (quivered)
 j - 3 poisoned tomahawks
 N - a throwing net {=f, !d}
Armour
 k - a +0 plate armour (worn)
 s - a +0 cloak (worn)
 v - a +0 pair of gloves (worn)
 w - a +0 buckler (worn)
Jewellery
 o - a +4 ring of evasion (left hand)
 p - a ring of stealth (right hand) {Stlth+}
 B - an uncursed ring of flight {+Fly, !d}
Wands
 d - a wand of digging (15) {@Vd}
 C - a wand of enslavement (15)
 F - a wand of polymorph (13)
Scrolls
 i - 3 scrolls of identify {@r1}
 n - 3 scrolls of fog
 q - 4 scrolls of remove curse {@r2}
 H - a scroll of blinking {!r}
 J - a scroll of teleportation
Potions
 m - a potion of agility
 t - a potion of brilliance
 I - a potion of resistance
Comestibles
 r - 16 rations


   Skills:
 + Level 6.0 Fighting
 + Level 6.0 Short Blades
 + Level 5.3 Long Blades
 + Level 5.3 Axes
 + Level 5.3 Maces & Flails
 + Level 5.3 Polearms
 + Level 5.3 Staves
 + Level 5.3 Slings
 + Level 5.3 Bows
 + Level 5.3 Crossbows
 + Level 5.3 Throwing
 + Level 5.3 Armour
 + Level 7.1 Dodging
 + Level 5.9 Stealth
 + Level 5.3 Shields
 + Level 5.3 Unarmed Combat
 + Level 5.3 Spellcasting
 + Level 4.4 Conjurations
 + Level 4.4 Hexes
 + Level 4.4 Charms
 + Level 4.4 Summonings
 + Level 4.4 Necromancy
 + Level 4.4 Translocations
 + Level 4.4 Transmutations
 + Level 4.4 Fire Magic
 + Level 4.4 Ice Magic
 + Level 4.4 Air Magic
 + Level 4.4 Earth Magic
 + Level 4.4 Poison Magic
 + Level 5.8 Invocations
 + Level 8.5 Evocations


You had 19 spell levels left.
You didn't know any spells.
Your spell library contained the following spells:

 Spells                   Type           Power        Failure   Level  Hunger
 Magic Dart               Conj           ####         58%         1    None
 Conjure Flame            Conj/Fire      ####....     90%         3    ##.....
 Slow                     Hex            ####....     73%         2    None
 Mephitic Cloud           Conj/Pois/Air  ####....     90%         3    ##.....
 Blink                    Tloc           N/A          73%         2    None
 Call Imp                 Summ           ####....     73%         2    None


Dungeon Overview and Level Annotations

Branches:
Dungeon (9/15)             Temple (1/1) D:7            Lair (0/6) D:8
    Orc: D:9-12

Altars:
Ashenzari
Cheibriados
Dithmenos
Elyvilon
Fedhas
Gozag
Hepliaklqana
Kikubaaqudgha
Makhleb
Nemelex Xobeh
Okawaru
Qazlal
Ru
Sif Muna
Trog
Uskayaw
Vehumet
Wu Jian
Xom
Yredelemnul
Zin
The Shining One

Shops:
D:7 (

Annotations:
D:3 exclusion: downstairs
D:5 exclusion: downstairs
D:7 exclusion: downstairs
D:9 Erica


Innate Abilities, Weirdness & Mutations

Your experience applies equally to all skills.
You have very sharp teeth.
Your uncanny sense of smell can sniff out nearby items.
You are frail. (-10% HP)
Your spells are a little harder to cast, but a little more powerful.


Message History

The centaur warrior zombie hits you but does no damage. x2
You slash the centaur warrior zombie!
You destroy the centaur warrior zombie!
Cheibriados thoroughly appreciates the change of pace.
Your Fighting skill increases to level 6!
Your Short Blades skill increases to level 6!
You hear some strange, mumbled words.
An orb of energy appears from out of thin air!
The orb of energy hits you!
* * * LOW HITPOINT WARNING * * *
Something hits you but does no damage.
Your plate armour prevents you from hitting something.
You bite something. You miss something. Something completely misses you.
You barely miss something.
You hear some strange, mumbled words.
An orb of energy appears from out of thin air!
The orb of energy hits you!
Ouch! That really hurt!
You die...

##########.
.........
....... ∆
..... ... #.##
###<.# ######
##..†.##.....#
#..(({@$.#
#.....#.##
#.....###
........#
........#
..#......#
.........#
........#


There were no monsters in sight!

Vanquished Creatures
  A two-headed ogre (D:8)
  The ghost of Firecrotchwizard the Cleaver, a novice MiGl of Makhleb (D:8)
  The ghost of shitimlost the Chopper, a novice HOMo of Beogh (D:4)
  A centaur zombie (D:9)
  Prince Ribbit (D:6)
  A hornet (D:6)
  2 hungry ghosts
  2 orc warriors
  3 sky beasts
  An ice beast (D:7)
  3 ogres
  2 centaurs (D:8)
  A big kobold (D:8)
  3 bullfrogs
  2 scorpions
  4 howler monkeys
  An electric eel (D:6)
  3 crimson imps
  A bullfrog zombie (D:8)
  2 jellies
  5 hounds
  4 orc priests
  2 bullfrog skeletons
  Crazy Yiuf (D:4)
  A centaur skeleton (D:5)
  3 iguanas
  3 orc wizards
  4 worker ants
  A killer bee zombie (D:8)
  A hound skeleton (D:6)
  7 adders
  5 gnolls
  A shadow imp (D:5)
  An adder zombie (D:6)
  2 adder skeletons
  2 worms (D:2)
  A dart slug (D:2)
  6 leopard geckos
  35 orcs
  A giant cockroach (D:5)
  2 goblins (D:1)
  9 hobgoblins
  5 jackals
  8 kobolds
  6 quokkas
  7 bats
  8 frilled lizards
  A leopard gecko skeleton (D:8)
  A quokka skeleton (D:7)
  2 rats (D:2)
171 creatures vanquished.

Notes
Turn   | Place    | Note
-------+----------+-------------------------------------------
     0 | D:1      | w00t the Gnoll Artificer began the quest for the Orb.
     0 | D:1      | Reached XP level 1. HP: 17/17 MP: 4/4
   419 | D:1      | Reached XP level 2. HP: 23/23 MP: 6/6
   983 | D:1      | Reached XP level 3. HP: 21/28 MP: 7/7
  1930 | D:2      | Reached skill level 1 in Invocations
  2072 | D:2      | Reached skill level 1 in Long Blades
  2072 | D:2      | Reached skill level 1 in Axes
  2072 | D:2      | Reached skill level 1 in Maces & Flails
  2072 | D:2      | Reached skill level 1 in Polearms
  2072 | D:2      | Reached skill level 1 in Staves
  2072 | D:2      | Reached skill level 1 in Slings
  2072 | D:2      | Reached skill level 1 in Bows
  2072 | D:2      | Reached skill level 1 in Crossbows
  2072 | D:2      | Reached skill level 1 in Throwing
  2072 | D:2      | Reached skill level 1 in Armour
  2072 | D:2      | Reached skill level 1 in Shields
  2072 | D:2      | Reached skill level 1 in Unarmed Combat
  2072 | D:2      | Reached skill level 1 in Spellcasting
  2236 | D:2      | Reached XP level 4. HP: 34/34 MP: 8/8
  3104 | D:3      | Reached skill level 1 in Conjurations
  3104 | D:3      | Reached skill level 1 in Hexes
  3104 | D:3      | Reached skill level 1 in Charms
  3104 | D:3      | Reached skill level 1 in Summonings
  3104 | D:3      | Reached skill level 1 in Necromancy
  3104 | D:3      | Reached skill level 1 in Translocations
  3104 | D:3      | Reached skill level 1 in Transmutations
  3104 | D:3      | Reached skill level 1 in Fire Magic
  3104 | D:3      | Reached skill level 1 in Ice Magic
  3104 | D:3      | Reached skill level 1 in Air Magic
  3104 | D:3      | Reached skill level 1 in Earth Magic
  3104 | D:3      | Reached skill level 1 in Poison Magic
  3130 | D:3      | Reached XP level 5. HP: 12/40 MP: 9/9
  4085 | D:4      | Noticed an ogre
  4513 | D:4      | Noticed shitimlost's ghost (novice HOMo)
  4545 | D:5      | Entered Level 5 of the Dungeon
  4605 | D:5      | Noticed a sky beast
  5017 | D:4      | Reached XP level 6. HP: 47/47 MP: 11/11
  5084 | D:4      | Found a runed door.
  5088 | D:4      | Noticed Crazy Yiuf
  5096 | D:4      | Killed Crazy Yiuf
  5273 | D:4      | Got a smoking hand axe
  5294 | D:4      | Identified the +5 hand axe "Tekhly" {drain, rPois MP+9} (You found it on level 4 of the Dungeon)
  5297 | D:4      | Reached skill level 5 in Dodging
  5408 | D:4      | Killed shitimlost's ghost
  5408 | D:4      | Reached skill level 7 in Evocations
  5408 | D:4      | Reached XP level 7. HP: 31/53 MP: 12/12
  5782 | D:5      | Reached XP level 8. HP: 60/60 MP: 13/13
  5864 | D:5      | Found an opulent altar of Gozag.
  6358 | D:6      | Noticed Prince Ribbit
  6380 | D:6      | Killed Prince Ribbit
  6887 | D:6      | Noticed a hornet
  6898 | D:6      | Killed a hornet
  6898 | D:6      | Reached XP level 9. HP: 60/66 MP: 14/14
  7019 | D:6      | Found a snail-covered altar of Cheibriados.
  7020 | D:6      | Found a white marble altar of Elyvilon.
  7022 | D:6      | Found a blossoming altar of Fedhas.
  7022 | D:6      | Found a stormy altar of Qazlal.
  7024 | D:6      | Found a burning altar of Makhleb.
  7025 | D:6      | Found a sacrificial altar of Ru.
  7030 | D:6      | Became a worshipper of Cheibriados the Contemplative
  7526 | D:7      | Found a shattered altar of Ashenzari.
  7717 | D:7      | Found Zumazxou's Weapon Shop.
  7741 | D:7      | Paralysed by fainting for 5 turns
  7909 | D:7      | Reached skill level 5 in Fighting
  7909 | D:7      | Reached skill level 5 in Short Blades
  8020 | D:7      | Found a staircase to the Ecumenical Temple.
  8035 | Temple   | Entered the Ecumenical Temple
  8327 | D:7      | Reached * piety under Cheibriados
  8597 | D:8      | Noticed Firecrotchwizard's ghost (novice MiGl)
  8601 | D:8      | Reached skill level 5 in Stealth
  8602 | D:8      | Noticed a two-headed ogre
  8873 | D:8      | Reached skill level 8 in Evocations
  8932 | D:8      | Killed a two-headed ogre
  8932 | D:8      | Reached skill level 5 in Invocations
  8932 | D:8      | Reached XP level 10. HP: 74/74 MP: 17/17
  8956 | D:8      | Gained mutation: You are frail. (-10% HP) [potion of mutation]
  8956 | D:8      | Gained mutation: Your spells are a little harder to cast, but a little more powerful. [potion of mutation]
  8968 | D:8      | Killed Firecrotchwizard's ghost
  8968 | D:8      | Reached skill level 5 in Long Blades
  8968 | D:8      | Reached skill level 5 in Axes
  8968 | D:8      | Reached skill level 5 in Maces & Flails
  8968 | D:8      | Reached skill level 5 in Polearms
  8968 | D:8      | Reached skill level 5 in Staves
  8968 | D:8      | Reached skill level 5 in Slings
  8968 | D:8      | Reached skill level 5 in Bows
  8968 | D:8      | Reached skill level 5 in Crossbows
  8968 | D:8      | Reached skill level 5 in Throwing
  8968 | D:8      | Reached skill level 5 in Armour
  8968 | D:8      | Reached skill level 5 in Shields
  8968 | D:8      | Reached skill level 5 in Unarmed Combat
  8968 | D:8      | Reached skill level 5 in Spellcasting
  9277 | D:8      | Reached ** piety under Cheibriados
  9451 | D:8      | Found a staircase to the Lair.
 10811 | D:9      | Noticed Erica
 10842 | D:9      | Killed from afar by Erica

Vault maps used:
D:1:      kilobyte_arrival_exit_the_forest, kennysheep_another_room
D:2:      first_ration
D:4:      hangedman_decor_lopped, kennysheep_opposing_triangles,
          uniq_crazy_yiuf_cottage
D:5:      nicolae_gozag_cash_rules_everything_around_me
D:6:      grunt_temple_overflow_open, palyth_stone_intersect,
          kennysheep_generic_room_16, uniq_prince_ribbit1
D:7:      lemuel_round_altar, minmay_temple_entry_overgrown, serial_shops, shop,
          grunt_ogre_cave, hangedman_decor_slide_cut
D:8:      lair_entry_dummy, special_room
D:9:      zombieorc1_lemuel, minmay_variable_closet, feat_on_display, uniq_erica
Temple:   regret_index_temple_waves

Skill      XL: |  1  2  3  4  5  6  7  8  9 10 |
---------------+-------------------------------+-----
Invocations    | 1 2 3 4 5 |  5.8
Long Blades    | 1 2 3 4 5 |  5.3
Axes           | 1 2 3 4 5 |  5.3
Maces & Flails | 1 2 3 4 5 |  5.3
Polearms       | 1 2 3 4 5 |  5.3
Staves         | 1 2 3 4 5 |  5.3
Slings         | 1 2 3 4 5 |  5.3
Bows           | 1 2 3 4 5 |  5.3
Crossbows      | 1 2 3 4 5 |  5.3
Throwing       | 1 2 3 4 5 |  5.3
Armour         | 1 2 3 4 5 |  5.3
Shields        | 1 2 3 4 5 |  5.3
Unarmed Combat | 1 2 3 4 5 |  5.3
Spellcasting   | 1 2 3 4 5 |  5.3
Conjurations   | 1 2 3 4 |  4.4
Hexes          | 1 2 3 4 |  4.4
Charms         | 1 2 3 4 |  4.4
Summonings     | 1 2 3 4 |  4.4
Necromancy     | 1 2 3 4 |  4.4
Translocations | 1 2 3 4 |  4.4
Transmutations | 1 2 3 4 |  4.4
Fire Magic     | 1 2 3 4 |  4.4
Ice Magic      | 1 2 3 4 |  4.4
Air Magic      | 1 2 3 4 |  4.4
Earth Magic    | 1 2 3 4 |  4.4
Poison Magic   | 1 2 3 4 |  4.4
Fighting       | 3 4 5 6 |  6.0
Short Blades   | 3 4 5 6 |  6.0
Stealth        | 3 4 5 |  5.9
Dodging        | 5 6 7 |  7.1
Evocations     | 7 8 |  8.5

Action                   |  1- 3 |  4- 6 |  7- 9 | 10-12 || total
-------------------------+-------+-------+-------+-------++-------
Melee: Short sword       |   167 |   203 |       |       ||   370
       Bite              |    19 |    24 |    24 |    18 ||    85
       Hand axe          |       |    23 |   245 |   130 ||   398
Throw: Stone             |    47 |    60 |    22 |       ||   129
       Tomahawk          |       |       |    17 |    19 ||    36
       Javelin           |       |       |     4 |    14 ||    18
Evoke: Wand              |     3 |    15 |     2 |     1 ||    21
  Use: Scroll            |       |     5 |       |     9 ||    14
       Potion            |       |     2 |     3 |     6 ||    11
 Stab: Sleeping          |     1 |     1 |       |       ||     2
  Eat: Chunk             |     4 |    10 |    13 |     2 ||    29
       Ration            |       |       |     1 |       ||     1
Armor: Leather armour    |    20 |       |       |       ||    20
       Scale mail        |     3 |    47 |       |       ||    50
       Chain mail        |       |    22 |    85 |    27 ||   134
       Skin              |       |       |    13 |     4 ||    17
       Plate armour      |       |       |       |    12 ||    12
Dodge: Dodged            |   126 |   135 |   117 |    71 ||   449
Block: Buckler           |       |    31 |    54 |    34 ||   119

Table legend:
 A = Spawn XP
 B = Non-spawn XP
 C = Spawn XP percentage of total XP
 D = Spawn monster count
 E = Non-spawn monster count
 F = Spawn count percentage of total count
 G = Total turns spent on level
                    A         B        C        D         E        F      G
               +---------+---------+-------+---------+---------+-------+---------
         Total |       0 |    7328 |   0.0 |       0 |     171 |   0.0 | 10842
               +---------+---------+-------+---------+---------+-------+---------
           D:1 |       0 |      41 |   0.0 |       0 |      24 |   0.0 |  1851
           D:2 |       0 |      84 |   0.0 |       0 |      18 |   0.0 |  1095
           D:3 |       0 |      80 |   0.0 |       0 |      14 |   0.0 |  1213
           D:4 |       0 |     866 |   0.0 |       0 |      13 |   0.0 |  1377
           D:5 |       0 |     439 |   0.0 |       0 |      18 |   0.0 |   792
           D:6 |       0 |    1118 |   0.0 |       0 |      18 |   0.0 |  1034
           D:7 |       0 |     904 |   0.0 |       0 |      18 |   0.0 |  1305
           D:8 |       0 |    3231 |   0.0 |       0 |      46 |   0.0 |  2048
           D:9 |       0 |     565 |   0.0 |       0 |       2 |   0.0 |    36
               +---------+---------+-------+---------+---------+-------+---------
